 Dungeon Crawl Stone Soup version 0.19-a0-465-g1d1674b (webtiles) character file.

25 mistymad the Sneak (level 2, -1/20 HPs)
             Began as a Vampire Enchanter on June 3, 2016.
             Slain by an adder (3 damage)
             ... on level 2 of the Dungeon.
             The game lasted 00:02:07 (1051 turns).

mistymad the Sneak (Vampire Enchanter)              Turns: 1051, Time: 00:02:07

Health: -1/20      AC:  3    Str:  7    XL:     2   Next: 82%
Magic:  2/5        EV: 12    Int: 17    God:
Gold:   40         SH:  0    Dex: 14    Spells: 2 memorised, 2 levels left

rFire  . . .     SeeInvis +     a - +1 dagger
rCold  + . .     Gourm    .     b - +1 robe
rNeg   + + .     Faith    .     (no shield)
rPois  +         Spirit   .     (no helmet)
rElec  .         Dismiss  .     (no cloak)
rCorr  .         Reflect  .     (no gloves)
SustAt .         Harm     .     (no boots)
MR     .....                    (no amulet)
Stlth  +++.......               (no ring)
                                (no ring)

@: lethally poisoned (-1 -> -6), very slightly contaminated, regenerating
slowly, not resistant to hostile enchantments, fairly stealthy
A: fangs 3, see invisible, unbreathing
a: no special abilities


You were on level 2 of the Dungeon.
You were thirsty.

You visited 1 branch of the dungeon, and saw 2 of its levels.

You collected 40 gold pieces.

Inventory:

Hand Weapons
 a - a +1 dagger (weapon)
 o - a +2 dagger of flaming
Armour
 b - a +1 robe (worn)
Jewellery
 l - an uncursed amulet of magic regeneration {unknown}
Scrolls
 e - a scroll of immolation {unknown}
 f - a scroll of enchant armour {unknown}
 i - a scroll of noise {unknown}
 j - a scroll of blinking {unknown}
 k - 3 scrolls of teleportation {unknown}
 n - a scroll of remove curse {unknown}
 p - a scroll of magic mapping {unknown}
Potions
 d - 2 potions of blood
 g - 2 potions of invisibility {unknown}
 h - 2 potions of curing {unknown}
 m - a potion of brilliance {unknown}
 q - a potion of heal wounds {unknown}
Books
 c - a book of Maledictions

   Spells                             Type                      Level
   a - Corona                         Hexes                        1
   b - Ensorcelled Hibernation        Hexes/Ice                    2
   c - Confuse                        Hexes                        3
   d - Tukima's Dance                 Hexes                        3
   e - Dazzling Spray                 Conjuration/Hexes            3


   Skills:
 + Level 0.5 Fighting
 + Level 1.8 Short Blades
 + Level 2.2 Dodging
 + Level 4.8 Stealth
 + Level 2.3 Spellcasting
 + Level 4.5 Hexes


You had 2 spell levels left.
You knew the following spells:

 Your Spells              Type           Power        Failure   Level  Hunger
a - Corona                Hex            ###....      2%          1    #......
b - Ensorcelled Hibernat  Hex/Ice        #.....       14%         2    ###....


Dungeon Overview and Level Annotations

Branches:
Dungeon (2/15)

Altars:


Innate Abilities, Weirdness & Mutations

You heal slowly.
You have razor-sharp teeth.
You have supernaturally acute eyesight. (SInv)
You can survive without breathing.


Message History

The adder bites you.
You take 2 damage, and have 8/20 hp.
You hit the adder.
The adder is severely wounded.
The adder bites you.
* * * LOW HITPOINT WARNING * * *
You take 4 damage, and have 4/20 hp.
You miss the adder.
The adder is severely wounded.
* * * LOW HITPOINT WARNING * * *
You feel sick. The adder barely misses you.
You take 1 damage, and have 3/20 hp.
The adder barely misses you.
* * * LOW HITPOINT WARNING * * *
You feel sick.
You take 1 damage, and have 3/20 hp.
The adder misses you.
* * * LOW HITPOINT WARNING * * *
You feel sick. The adder bites you.
You die...

#.# #######.####
...........############
##...#.............
#.%...####.#.##..#.
##...## #.#.# ##g##
#.#.# #S# #.#.# #@#
#.#.# ##'## #....
##...## ###.. ##.....##
##.......## #.........#
+<........+ #.........#
##.......##


You could see an adder and a goblin.

Vanquished Creatures
  2 dart slugs (D:1)
  2 bats (D:1)
  2 giant cockroaches (D:1)
  3 goblins (D:1)
  2 ball pythons (D:1)
  A giant newt (D:1)
  4 kobolds (D:1)
  5 rats (D:1)
21 creatures vanquished.

Notes
Turn   | Place    | Note
--------------------------------------------------------------
     0 | D:1      | mistymad the Vampire Enchanter began the quest for the Orb.
     0 | D:1      | Reached XP level 1. HP: 13/13 MP: 3/3
   193 | D:1      | Reached XP level 2. HP: 14/19 MP: 5/5
   275 | D:1      | Learned a level 2 spell: Ensorcelled Hibernation
  1051 | D:2      | Slain by an adder

Vault maps used:
D:1:      lemuel_arrival_river_ford
D:2:      nemelex_deck, ecumenical_altar_2, kennysheep_generic_room_13

Action                   || total
-------------------------++-------
Melee: Dagger            ||    76
       Bite              ||     5
 Stab: Sleeping          ||     7
Armor: Robe              ||    19
Dodge: Dodged            ||    41
